 Dungeon Crawl Stone Soup version 0.30-a0-534-gdc55766716 (webtiles) character file.

Game seed: 8701379059000052796

69 Jase the Ruffian (level 4, -5/39 HPs)
             Began as a Naga Transmuter on Dec 24, 2022.
             Slain by a gnoll
             ... wielding a +1 vorpal flail
              (11 damage)
             ... on level 2 of the Dungeon.
             The game lasted 00:05:21 (1364 turns).

Jase the Ruffian (Naga Transmuter)                  Turns: 1364, Time: 00:05:21

Health: -5/39      AC:  3    Str: 12    XL:     4   Next: 20%
Magic:  6/7        EV:  8    Int: 16    God:
Gold:   131        SH:  0    Dex: 11    Spells: 4/7 levels left

rFire   . . .      SeeInvis +      - Unarmed
rCold   . . .      Faith    .    (no shield)
rNeg    . . .      Spirit   .    c - +0 ring mail
rPois   +          Reflect  .    (helmet currently unavailable)
rElec   .          Harm     .    (no cloak)
rCorr   .          Rampage  .    (no gloves)
Will    .....                    (no barding)
Stlth   +                        (no amulet)
HPRegen 0.26/turn                (no ring)
MPRegen 0.10/turn                (no ring)

@: appendages, very slow
A: horns 2, AC +1, large, see invisible, deformed body, poison resistance,
slowness 2, spit poison 1, naga tail 1
a: Spit Poison, End Transformation


You were on level 2 of the Dungeon.
You had temporarily grown beastly horns.
You visited 1 branch of the dungeon, and saw 2 of its levels.

You collected 131 gold pieces.

Inventory:

Missiles
 i - 21 stones
Armour
 c - a +0 ring mail (worn)
Scrolls
 d - a scroll of enchant weapon {unknown}
 e - 2 scrolls of blinking {unknown}
 g - 2 scrolls of silence {unknown}
 h - a scroll of magic mapping {unknown}
 k - a scroll of amnesia {unknown}
Potions
 a - 2 potions of curing
 b - a potion of lignification
 f - a potion of flight
 j - a potion of haste


   Skills:
 + Level 2.3 Fighting
 - Level 1.5 Dodging
 + Level 3.7 Unarmed Combat
 - Level 2.0 Spellcasting
 + Level 2.9 Transmutations


You had 4 spell levels left.
You knew the following spells:

 Your Spells              Type           Power      Damage    Failure   Level
a - Beastly Appendage     Tmut           22%        N/A       14%         1
b - Wereblood             Tmut           11%        N/A       22%         2

Your spell library contained the following spells:

 Spells                   Type           Power      Damage    Failure   Level
 Spider Form              Tmut/Pois      6%         N/A       61%         3
 Gell's Gravitas          Tloc           1%         N/A       80%         3
 Lesser Beckoning         Tloc           2%         N/A       80%         3
 Teleport Other           Tloc           1%         N/A       80%         3
 Ice Form                 Ice/Tmut       6%         N/A       95%         4


Dungeon Overview and Level Annotations

Branches:
Dungeon (2/15)

Altars:


Innate Abilities, Weirdness & Mutations

You have temporarily grown beastly horns.
Your serpentine skin is tough. (AC +1)
You have supernaturally acute eyesight. (SInv)
Armour fits poorly on your strangely shaped body.
Your system is resistant to poisons. (rPois)
You cover ground very slowly.
You can spit poison.
You have a snake-like lower body.


Message History

A hobgoblin comes into view.
You hit the hobgoblin.
You kill the hobgoblin!
No target in view!
You see here a +0 ring mail.
Found a ring mail.
k - a scroll labelled INNAIK COHAIT
g - 2 scrolls labelled XUROSU PEUHUMI (gained 1)
A gnoll comes into view. It is wielding a +1 vorpal flail.
The gnoll moves out of view.
Memorise Wereblood, consuming 2 spell levels and leaving 4?
You start memorising the spell.
You continue memorising. x2
You finish memorising.
Spell assigned to 'b'.
Casting: Beastly Appendage (safe; 14% risk of failure)
Confirm with . or Enter, or press ? or * to list all spells.
You grow a pair of large bovine horns.
You barely miss the gnoll.
You headbutt the gnoll, but do no damage.
The gnoll hits you with a +1 vorpal flail.
You closely miss the gnoll. The gnoll hits you but does no damage.
You hit the gnoll.
The gnoll is moderately wounded.
The gnoll closely misses you.
You closely miss the gnoll. Your headbutt misses the gnoll.
The gnoll is moderately wounded.
The gnoll hits you with a +1 vorpal flail.
You closely miss the gnoll.
The gnoll is moderately wounded.
The gnoll barely misses you.
You hit the gnoll but do no damage.
The gnoll is moderately wounded.
The gnoll hits you with a +1 vorpal flail!
You closely miss the gnoll. Your headbutt misses the gnoll.
The gnoll is moderately wounded.
The gnoll hits you with a +1 vorpal flail!
* * * LOW HITPOINT WARNING * * *
x2 You closely miss the gnoll.
Your headbutt misses the gnoll.
The gnoll is moderately wounded.
The gnoll hits you with a +1 vorpal flail!
You die...

.... #.. #...# .....
..... #..#.# ..###
######.##.#####.### .
.................. ....
##.........[...##.
.....##...............#.
......g@..............#.
....###.................
. #.................
#................#
##...............#
##.....#.........
############.... #....
#....


You could see a gnoll.

Vanquished Creatures
  2 adders (D:2)
  A worm (D:2)
  2 dart slugs (D:1)
  4 bats (D:1)
  4 endoplasms
  3 giant cockroaches
  3 hobgoblins
  2 jackals (D:1)
  A quokka (D:1)
  6 ball pythons (D:1)
  3 frilled lizards (D:1)
  4 goblins
  3 kobolds
  4 rats (D:1)
42 creatures vanquished.

Notes
Turn   | Place    | Note
-------+----------+-------------------------------------------
     0 | D:1      | Jase the Naga Transmuter began the quest for the Orb.
     0 | D:1      | Reached XP level 1. HP: 18/18 MP: 3/3
   171 | D:1      | Reached XP level 2. HP: 20/25 MP: 3/5
   496 | D:1      | Reached XP level 3. HP: 28/32 MP: 6/6
  1023 | D:2      | Reached XP level 4. HP: 20/39 MP: 7/7
  1356 | D:2      | Learned a level 2 spell: Wereblood
  1364 | D:2      | Slain by a gnoll

Illustrated notes

Levels and vault maps discovered:
D:1:      pf_arrival_petrified_forest, layout_basic, minmay_close_crescents
D:2:      layout_rooms

Skill      XL: |  1  2  3 |
---------------+----------+-----
Fighting       | 2 |  2.3
Dodging        | |  1.5
Unarmed Combat | |  3.7
Spellcasting   | |  2.0
Transmutations | |  2.9

Action                   |  1- 3 |  4- 6 || total
-------------------------+-------+-------++-------
Melee: Unarmed           |   100 |    23 ||   123
       Headbutt          |    12 |     4 ||    16
       Punch             |     2 |       ||     2
 Cast: Beastly Appendage |    19 |     4 ||    23
 Abil: Spit Poison       |     2 |       ||     2
  Use: Scroll            |       |     3 ||     3
Armor: Ring mail         |    25 |     1 ||    26
Dodge: Dodged            |    40 |     3 ||    43

Table legend: (Time is in decaauts)
 A = Elapsed time spent in this place.
 B = Non-inter-level travel time spent in this place.
 C = Inter-level travel time spent in this place.
 D = Time resting spent in this place.
 E = Time spent auto-exploring this place.
 F = Levels seen in this place.
 G = Mean time per level.
                   A        B        C        D        E       F      G
               +--------+--------+--------+--------+--------+-----+--------+
         Total |   1652 |   1610 |     42 |    293 |    945 |   2 |  826.0 |
       Dungeon |   1652 |   1610 |     42 |    293 |    945 |   2 |  826.0 |
               +--------+--------+--------+--------+--------+-----+--------+

Top non-repeatable levels by time:
     D:1: 1248 daAuts
     D:2: 403 daAuts
